 Dungeon Crawl Stone Soup version 0.31-a0-196-g86fe4a5e66 (webtiles) character file.

Game seed: 6246007820752916586

1922 rabbitsville the Destroyer (level 9, -6/62 HPs)
             Began as a Hill Orc Conjurer on June 24, 2023.
             Was a Believer of Nemelex Xobeh.
             Killed from afar by Maggie (16 damage)
             ... with a bolt of fire
             ... on level 6 of the Dungeon.
             The game lasted 00:19:09 (7462 turns).

rabbitsville the Destroyer (Hill Orc Conjurer)      Turns: 7462, Time: 00:19:09

Health: -6/62      AC: 10    Str: 10    XL:     9   Next: 17%
Magic:  15/25      EV: 11    Int: 22    God:    Nemelex Xobeh [**....]
Gold:   360        SH:  0    Dex:  9    Spells: 14/17 levels left

rFire   . . .        f - +2 short sword (venom)
rCold   . . .        (no shield)
rNeg    . . .        D - +2 robe
rPois   .            u - +1 helmet
rElec   .            k - scarf {shadows}
rCorr   .            n - +2 pair of gloves
SInv    .            v - +0 pair of boots
Will    .....        (no amulet)
Stlth   +            m - ring of magical power
HPRegen 0.30/turn    (no ring)
MPRegen 0.19/turn

%: no passive effects
@: mesmerised
A: no striking features
a: Renounce Religion, Draw Escape, Draw Destruction, Draw Summoning


You were on level 6 of the Dungeon.
You worshipped Nemelex Xobeh.
Nemelex Xobeh was pleased with you.
You visited 1 branch of the dungeon, and saw 6 of its levels.
You also visited: Sewer.

You collected 360 gold pieces.

Inventory:

Hand Weapons
 f - a +2 short sword of venom (weapon)
Armour
 a - a +0 robe
 e - a +0 pair of gloves
 k - a scarf of shadows (worn)
 n - a +2 pair of gloves (worn)
 u - a +1 helmet (worn)
 v - a +0 pair of boots (worn)
 D - a +2 robe (worn)
Jewellery
 m - a ring of magical power (left hand)
 y - a ring of fire
Wands
 x - a wand of paralysis (8)
Scrolls
 c - a scroll of butterflies {unknown}
 d - 2 scrolls of fog {unknown}
 i - a scroll of revelation {unknown}
 l - 2 scrolls of vulnerability {unknown}
 o - 4 scrolls of enchant armour {unknown}
 p - a scroll of blinking {unknown}
 r - 5 scrolls of teleportation {unknown}
 s - a scroll of noise {unknown}
 w - a scroll of poison {unknown}
 B - a scroll of brand weapon {unknown}
 E - a scroll of enchant weapon {unknown}
 F - a scroll of fear {unknown}
Potions
 b - 2 potions of magic
 g - a potion of curing
 h - 2 potions of lignification
 j - 3 potions of heal wounds
 q - 3 potions of degeneration
 t - a potion of ambrosia
 z - a potion of might
 A - a potion of attraction
 C - 2 potions of resistance


   Skills:
 - Level 1.5 Dodging
 - Level 1.5 Stealth
 + Level 4.8 Spellcasting
 * Level 9.5 Conjurations
 + Level 6.6 Invocations


You had 14 spell levels left.
You knew the following spells:

 Your Spells              Type           Power      Damage    Failure   Level
a - Magic Dart            Conj           100%       1d8       1%          1
b - Searing Ray           Conj           94%        2d7       1%          2

Your spell library contained the following spells:

 Spells                   Type           Power      Damage    Failure   Level
 Shock                    Conj/Air       100%       1d9       1%          1
 Dazzling Flash           Conj/Hex       52%        N/A       4%          3
 Hailstorm                Conj/Ice       26%        3d7       4%          3
 Apportation              Tloc           10%        N/A       11%         1
 Beastly Appendage        Tmut           10%        N/A       11%         1
 Freeze                   Ice            20%        1d4       11%         1
 Necrotise                Necr           20%        1d5       11%         1
 Summon Small Mammal      Summ           20%        N/A       11%         1
 Fulminant Prism          Conj/Hex       13%        3d9       14%         4
 Iskenderun's Mystic Bla  Conj/Tloc      26%        2d7       14%         4
 Wereblood                Tmut           5%         N/A       16%         2
 Frozen Ramparts          Ice            10%        1d2       30%         3
 Spider Form              Tmut/Pois      5%         N/A       30%         3
 Swiftness                Air            5%         N/A       30%         3
 Airstrike                Air            2%         2d(1-17)  71%         4


Dungeon Overview and Level Annotations

Branches:
Dungeon (6/15)             Temple (0/1) D:5           Sewer (visited)

Altars:
Nemelex Xobeh

Shops:
D:3 *

Annotations:
D:5 Dowan
D:6 Maggie


Message History

Maggie is lightly wounded.
The searing ray hits Maggie!
Maggie is moderately wounded. (Press . to maintain the ray.) Maggie gestures wildly while chanting.
Maggie attempts to bespell you!
You are mesmerised by Maggie!
The searing ray hits Maggie!
Maggie is moderately wounded.
Maggie casts a spell at you. The bolt of fire hits you!!
The searing ray hits Maggie.
Maggie is moderately wounded.
Maggie points at you and mumbles some strange words.
The bolt of fire hits you!
You are too injured to fight recklessly!
The searing ray misses Maggie.
You finish channelling your searing ray.
Aiming: Searing Ray (safe; 1% risk of failure)
Press: ? - help, Q - select action, (/) - cycle Shift-Dir - straight line, f/p - Maggie
Aim: Maggie, wielding a +2 glaive of flaming and wearing +0 steam dragon scales (moderately wounded, mesmerising, 82% to hit)
The searing ray hits Maggie!
Maggie is heavily wounded. (Press . to maintain the ray.) Maggie points at you and mumbles some strange words.
The bolt of fire hits you!!
* * * LOW HITPOINT WARNING * * *
The searing ray hits Maggie!
Maggie is severely wounded.
Maggie says, "Leave now, and tell all of Margery's mercy!"
The searing ray hits Maggie!
Maggie is almost dead.
Maggie closely misses you.
The searing ray hits Maggie.
Maggie is almost dead.
You finish channelling your searing ray.
Maggie gestures at you while chanting. The bolt of fire hits you!
You die...
Your body glows slightly and disappears.

#
###################
#................##
#.##############.#.
#.# #.#. #.#######
#####.#. #.@.@....
......... #..######
######.## #..#
#####.#. #..#
#.....#.
#..#########.....#.
#...>............#.
#..#..######.....#.
#..#.....# #<#.#.#.
#..#.###.###.#.#.#.


You could see Maggie (mesmerising).

Vanquished Creatures
  Sigmund (D:6)
  Eustachio (D:6)
  Menkaure (D:5)
  A water moccasin (D:6)
  2 centaurs
  3 phantoms
  3 kobold brigands (Sewer)
  2 bullfrogs (D:6)
  A scorpion (D:6)
  2 jellies
  An orc priest (D:3)
  A gnoll bouda (D:5)
  Terence (D:2)
  5 iguanas
  A sleepcap (D:6)
  Robin (D:2)
  8 gnolls (D:5)
  11 adders
  5 worms (Sewer)
  2 dart slugs
  14 orcs
  2 bats
  8 endoplasms
  4 giant cockroaches
  20 goblins
  5 hobgoblins
  6 jackals
  9 kobolds
  7 quokkas
  14 ball pythons
  2 frilled lizards
  7 rats
151 creatures vanquished.

Notes
Turn   | Place    | Note
-------+----------+-------------------------------------------
     0 | D:1      | rabbitsville the Hill Orc Conjurer began the quest for the
                  | Orb.
     0 | D:1      | Reached XP level 1. HP: 14/14 MP: 3/3
   274 | D:1      | Reached XP level 2. HP: 20/20 MP: 0/4
  1114 | D:2      | Reached XP level 3. HP: 26/26 MP: 1/6
  1233 | D:2      | Noticed Robin
  1448 | D:3      | Reached skill level 5 in Conjurations
  1486 | D:3      | Reached XP level 4. HP: 33/33 MP: 1/7
  1559 | D:3      | Learned a level 2 spell: Searing Ray
  1727 | D:3      | Found Yjixe Sono's Assorted Antiques.
  1975 | D:2      | Killed Robin
  2077 | D:2      | Noticed Terence
  2086 | D:2      | Killed Terence
  2500 | D:3      | Reached XP level 5. HP: 10/38 MP: 6/8
  3182 | D:3      | Found a sparkling altar of Nemelex Xobeh.
  3270 | D:3      | Became a worshipper of Nemelex Xobeh the Trickster
  3354 | D:4      | Reached skill level 6 in Conjurations
  3354 | D:4      | Reached skill level 1 in Invocations
  3467 | D:4      | Reached XP level 6. HP: 45/45 MP: 10/10
  4214 | D:5      | Entered Level 5 of the Dungeon
  4214 | D:5      | Noticed Menkaure
  4373 | D:5      | Reached * piety under Nemelex Xobeh
  4530 | D:5      | Paralysed by a gnoll for 3 turns
  4534 | D:5      | Reached XP level 7. HP: 50/50 MP: 11/11
  4902 | D:5      | Reached skill level 7 in Conjurations
  5061 | D:5      | Killed Menkaure
  5165 | D:5      | Found a staircase to the Ecumenical Temple.
  5270 | D:5      | Reached XP level 8. HP: 37/57 MP: 4/13
  5417 | D:5      | Received a gift from Nemelex Xobeh
  5504 | D:5      | Noticed Dowan
  5680 | D:6      | Reached skill level 8 in Conjurations
  5718 | D:6      | Noticed Sigmund
  5729 | D:6      | Killed Sigmund
  5730 | D:6      | Reached skill level 5 in Invocations
  5894 | D:6      | Found a glowing drain.
  5955 | Sewer    | Entered a sewer
  6580 | Sewer    | Reached skill level 9 in Conjurations
  6910 | D:6      | Reached XP level 9. HP: 62/62 MP: 15/15
  7189 | D:6      | Noticed Eustachio
  7197 | D:6      | Killed Eustachio
  7292 | D:6      | Reached ** piety under Nemelex Xobeh
  7428 | D:6      | Received a gift from Nemelex Xobeh
  7453 | D:6      | Noticed Maggie
  7462 | D:6      | Killed from afar by Maggie

Illustrated notes

Levels and vault maps discovered:
D:1:      grunt_arrival_crossed_arrows, layout_loops_ring
D:2:      layout_basic, hangedman_glass_teeth, uniq_terence, uniq_robin
D:3:      layout_basic, nemelex_dance_club_becter, serial_shops,
          nicolae_shop_dealshenge, serial_glass, glass_columns_a,
          glass_columns_b, glass_columns_c, glass_columns_c, glass_columns_b,
          glass_columns_a, glass_columns_c, glass_columns_b,
          minmay_strange_pillars, minmay_liquid_box
D:4:      layout_gridville, minmay_close_crescents
D:5:      layout_gridville, minmay_temple_entry_purple_smoke,
          uniq_crazy_yiuf_cottage, uniq_duvessa, uniq_menkaure
D:6:      layout_basic, portal_sewer_entry_f, hex_tiny, uniq_eustachio,
          uniq_sigmund, uniq_maggie

Skill      XL: |  1  2  3  4  5  6  7  8 |
---------------+-------------------------+-----
Spellcasting   | 2 3 4 |  4.8
Conjurations   | 5 6 7 9 |  9.5
Invocations    | 1 2 4 6 |  6.6
Dodging        | |  1.5
Stealth        | |  1.5

Action                     |  1- 3 |  4- 6 |  7- 9 || total
---------------------------+-------+-------+-------++-------
  Melee: Unarmed           |    26 |       |       ||    26
         Short sword       |    11 |       |     1 ||    12
   Cast: Magic Dart        |    71 |   123 |   148 ||   342
         Searing Ray       |       |    11 |    34 ||    45
    Use: Scroll            |       |       |     7 ||     7
         Potion            |       |       |     2 ||     2
 Armour: Robe              |    33 |    21 |    22 ||    76
  Dodge: Dodged            |    49 |    21 |    45 ||   115

Table legend: (Time is in decaauts)
 A = Elapsed time spent in this place.
 B = Non-inter-level travel time spent in this place.
 C = Inter-level travel time spent in this place.
 D = Time resting spent in this place.
 E = Time spent auto-exploring this place.
 F = Levels seen in this place.
 G = Mean time per level.
                   A        B        C        D        E       F      G
               +--------+--------+--------+--------+--------+-----+--------+
         Total |   7541 |   7378 |    163 |    475 |   5123 |   7 | 1077.3 |
       Dungeon |   6691 |   6528 |    163 |    475 |   4487 |   6 | 1115.2 |
         Sewer |    849 |    849 |      0 |      0 |    636 |   1 |  849.0 |
               +--------+--------+--------+--------+--------+-----+--------+

Top non-repeatable levels by time:
     D:3: 1343 daAuts
     D:5: 1244 daAuts
     D:6: 1141 daAuts
     D:1: 1048 daAuts
     D:4: 1010 daAuts
     D:2: 903 daAuts
   Sewer: 849 daAuts
